 Dungeon Crawl Stone Soup version 0.23.2-1-ga50397a (webtiles) character file.

Game seed: 7288661564229132671

46 doot the Magician (level 3, -1/19 HPs)
             Began as a Deep Elf Wizard on May 19, 2019.
             Slain by an orc
             ... wielding a +3 trident
              (3 damage)
             ... on level 3 of the Dungeon.
             The game lasted 00:04:32 (1793 turns).

doot the Magician (Deep Elf Wizard)                 Turns: 1793, Time: 00:04:33

Health: -1/19      AC:  2    Str:  4    XL:     3   Next: 46%
Magic:  5/12       EV: 12    Int: 23    God:
Gold:   66         SH:  0    Dex: 13    Spells: 6/13 levels left

rFire    . . .     SeeInvis .   r - +0 lajatang
rCold    + . .     Gourm    .   (shield currently unavailable)
rNeg     . . .     Faith    .   a - +0 robe
rPois    .         Spirit   .   b - +0 hat
rElec    .         Reflect  .   (no cloak)
rCorr    .         Harm     .   (no gloves)
MR       .....                  (no boots)
Stlth    ++........             p - amulet of rage
HPRegen  0.06/turn              j - ring of protection from cold
MPRegen  0.13/turn              (no ring)

@: heavily drained
A: no striking features
a: Evoke Berserk Rage


You were on level 3 of the Dungeon.
You were hungry.

You visited 1 branch of the dungeon, and saw 3 of its levels.

You collected 66 gold pieces.

Inventory:

Hand Weapons
 r - a +0 lajatang (weapon)
Armour
 a - a +0 robe (worn)
 b - a +0 hat (worn)
Jewellery
 j - a ring of protection from cold (left hand)
 l - an uncursed amulet of harm
 p - an amulet of rage (around neck)
Wands
 o - a wand of clouds (4)
Scrolls
 c - a scroll of random uselessness {unknown}
 e - a scroll of fear {unknown}
 f - 3 scrolls of enchant armour {unknown}
 h - 2 scrolls of teleportation {unknown}
 k - a scroll of amnesia {unknown}
 n - a scroll of identify {unknown}
Potions
 g - 2 potions of cancellation {unknown}
 i - a potion of invisibility {unknown}
 m - a potion of curing {unknown}
 s - a potion of flight {unknown}
Comestibles
 d - 5 rations
 q - a chunk of flesh


   Skills:
 + Level 2.6(1.2) Dodging
 + Level 2.7(1.3) Stealth
 + Level 5.9(4.3) Spellcasting
 + Level 1.4(0.0) Conjurations
 + Level 1.1(0.0) Summonings
 + Level 1.1(0.0) Translocations


You had 6 spell levels left.
You knew the following spells:

 Your Spells              Type           Power        Failure   Level  Hunger
a - Magic Dart            Conj           #...         10%         1    None
b - Blink                 Tloc           N/A          16%         2    None
c - Call Imp              Summ           #.......     16%         2    None
d - Slow                  Hex            #.......     16%         2    None

Your spell library contained the following spells:

 Spells                   Type           Power        Failure   Level  Hunger
 Conjure Flame            Conj/Fire      #.......     30%         3    ##.....
 Mephitic Cloud           Conj/Pois/Air  #.......     30%         3    ##.....


Dungeon Overview and Level Annotations

Branches:
Dungeon (3/15)

Altars:
Hepliaklqana


Message History

The orc is heavily wounded.
The orc wizard mumbles some strange words.
The orc wizard seems to speed up.
Your crimson imp closely misses the orc wizard.
Your magical contamination has completely faded away.
You are feeling hungry.
The orc wizard casts a spell at you. The magic dart hits you.
The orc wizard points at you and mumbles some strange words.
The magic dart hits you.
Casting: Magic Dart (safe; 10% risk of failure)
Confirm with . or Enter, or press ? or * to list all spells.
A beastly little devil appears in a puff of flame.
Your crimson imp disappears in a puff of smoke!
The orc wizard hits you with a +0 dagger.
* * * LOW HITPOINT WARNING * * *
The orc wizard hits you with a +0 dagger.
* * * LOW HITPOINT WARNING * * *
The orc hits you from afar with a +3 trident.
You die...

####..####..###...##
###..#...##...###
#....K.####.###
#............#
...#.####5..ยง.# ####.
#####.### ###.. #.o.# ....#
#####o### ##..## #.....@.#
#....# ###.##..#.##
.....####...###.#.5##
.##....##.### #.....########
##...##.# ####.........#
##....w#########.#......#
########w.............<....#
.........##.......#........#
.#####..###...>...##.#######


You could see an orc wizard, an orc and a friendly crimson imp.

Vanquished Creatures
  2 adders (D:3)
  2 giant cockroaches (D:1)
  A hobgoblin (D:1)
  3 kobolds
  A quokka (D:2)
  2 bats
  6 frilled lizards
  2 goblins
  4 rats
23 creatures vanquished.

Vanquished Creatures (collateral kills)
  An adder (D:3)
  2 orcs (D:3)
3 creatures vanquished.

Grand Total: 26 creatures vanquished

Notes
Turn   | Place    | Note
-------+----------+-------------------------------------------
     0 | D:1      | doot the Deep Elf Wizard began the quest for the Orb.
     0 | D:1      | Reached XP level 1. HP: 10/10 MP: 7/7
   413 | D:1      | Reached skill level 5 in Spellcasting
   452 | D:1      | Reached XP level 2. HP: 15/15 MP: 7/10
   495 | D:1      | Learned a level 2 spell: Blink
   498 | D:1      | Learned a level 2 spell: Call Imp
   501 | D:1      | Learned a level 2 spell: Slow
   890 | D:2      | Found a hazy altar of Hepliaklqana.
  1413 | D:3      | Reached XP level 3. HP: 9/19 MP: 1/12
  1793 | D:3      | Slain by an orc

Skill      XL: |  1 |
---------------+----+-----
Spellcasting   | 5 |  5.9
Dodging        | |  2.6
Stealth        | |  2.7
Conjurations   | |  1.4
Summonings     | |  1.1
Translocations | |  1.1

Action                   || total
-------------------------++-------
Melee: Lajatang          ||     6
 Cast: Magic Dart        ||    58
       Call Imp          ||     3
       Blink             ||     2
  Eat: Chunk             ||     2
Armor: Robe              ||     1
Dodge: Dodged            ||     9
